Map: 瑟拉斯废墟

Players

SodaMachine - Winner!

  • Race: Terran Terran
  • League: Platinum

shengy

  • Race: Zerg Zerg
  • League: Platinum

VOD

Have the link to the VOD?

Description

Time

  • Played on: Dec. 23, 2015, 4:16 p.m.
  • Length: 12:52
Show
View Real Time Build Order
Export as new Build Order

SodaMachine Terran - Winner!

Build Orders: Liberator Opening, Reaper Expand, Mech 

Get SALT Encoding   

  12  0:00  SCV  
  13  0:12  SCV  
  14  0:18  Supply Depot  
  14  0:25  SCV  
  15  0:31  Refinery  
  15  0:39  SCV  
  16  0:47  Barracks  
  16  0:52  SCV  
  17  1:04  SCV  
  18  1:17  SCV  
  19  1:34  Orbital Command, Reaper  
  20  1:49  Command Center  
  20  2:00  SCV  
  21  2:05  Supply Depot  
  21  2:07  Reaper  
  22  2:16  SCV  
  22  2:20  Factory  
  23  2:25  Refinery  
  23  2:29  SCV  
  24  2:34  Supply Depot  
  24  2:39  Reaper  
  25  2:45  SCV  
  26  3:00  SCV  
  26  3:02  Orbital Command  
  27  3:05  Starport  
  26  3:17  Barracks Reactor  
  26  3:18  Hellion  
  27  3:26  Bunker  
  27  3:27  Liberator  
  27  3:28  SCV x2  
  28  3:41  Hellion  
  33  4:06  SCV x2  
  35  4:12  Hellion  
  35  4:13  Hellion  
  39  4:18  SCV x2  
  39  4:21  Supply Depot  
  41  4:28  Starport Tech Lab  
  41  4:30  SCV x2  
  43  4:33  Hellion  
  43  4:35  Hellion  
  47  4:47  Supply Depot  
  47  4:48  SCV x2  
  49  4:57  Supply Depot  
  49  4:58  Supply Depot x2  
  49  4:59  Command Center  
  53  5:00  Banshee  
  52  5:13  SCV x2  
  54  5:16  Hellion x2  
  58  5:24  Factory  
  58  5:26  Factory  
  49  5:54  SCV  
  49  5:55  SCV  
  49  5:56  Hellion x2  
  51  5:58  Banshee, Cloaking Field  
  54  6:06  SCV  
  54  6:07  SCV  
  54  6:09  Factory Tech Lab x2  
  56  6:13  Refinery  
  56  6:14  Orbital Command, Refinery  
  56  6:18  Engineering Bay  
  56  6:20  Supply Depot, SCV x2  
  56  6:21  Hellion  
  56  6:23  Hellion  
  62  6:30  Siege Tank x2  
  68  6:33  SCV x2  
  68  6:37  Orbital Command  
  70  6:45  SCV x2  
  70  6:46  Hellion x2  
  75  7:04  Banshee  
  75  7:05  Siege Tank x2  
  84  7:23  SCV x2  
  84  7:27  Command Center  
  84  7:29  Command Center  
  86  7:30  Hellion x2  
  90  7:46  Armory  
  90  7:47  Armory  
  87  8:03  SCV x2  
  89  8:07  Siege Tank x2, Hellion  
  89  8:08  Hellion  
  89  8:09  Banshee  
  102  8:15  Barracks Reactor  
  102  8:19  Starport  
  102  8:20  Supply Depot  
  102  8:21  Supply Depot  
  102  8:22  Supply Depot  
  102  8:52  Missile Turret  
  102  8:53  Missile Turret  
  102  8:58  Starport Tech Lab  
  102  9:02  Banshee  
  105  9:04  Hellion x2  
  105  9:08  Thor  
  105  9:09  Thor, Orbital Command  
  121  9:13  SCV x2  
  121  9:14  Orbital Command  
  123  9:22  Infernal Pre-Igniter  
  123  9:31  Refinery  
  123  9:33  Refinery  
  123  9:35  Hellion x2  
  127  9:39  Banshee  
  130  9:47  SCV x4  
  130  9:50  Banshee  
  137  9:54  Supply Depot  
  137  9:56  Supply Depot  
  137  10:11  Siege Tank x2  
  137  10:13  Hellion x2  
  147  10:34  Hellion x2  
  148  10:52  Thor x2  
  148  10:55  Banshee x2, Hellion x2  
  170  11:04  SCV x2  
  170  11:08  Supply Depot  
  170  11:09  Supply Depot  
  172  11:12  Supply Depot  
  172  11:18  Factory  
  172  11:19  Factory  
  172  11:29  Widow Mine  
  174  11:45  Missile Turret  
  173  11:47  Orbital Command, Missile Turret  
  172  11:59  Banshee x2, Siege Tank x2, Hellion x2  
Show
View Real Time Build Order
Export as new Build Order

shengy Zerg 

Build Orders: Pool First 

Get SALT Encoding   

  12  0:01  Drone  
  13  0:08  Drone  
  14  0:17  Overlord  
  14  0:28  Drone, Extractor  
  14  0:36  Drone x2  
  16  0:45  Drone  
  17  0:56  Spawning Pool  
  16  0:57  Drone  
  17  1:06  Drone  
  18  1:28  Hatchery  
  17  1:34  Drone  
  18  1:42  Metabolic Boost  
  18  1:44  Zergling x2  
  19  1:52  Queen  
  21  1:59  Overlord  
  21  2:05  Drone  
  22  2:20  Spine Crawler  
  22  2:22  Zergling x6  
  23  2:30  Queen  
  25  2:41  Queen  
  27  2:44  Drone  
  27  2:49  Drone  
  29  2:58  Drone x2  
  31  3:16  Drone x2  
  33  3:33  Drone  
  34  3:34  Drone x2  
  34  3:35  Lair  
  34  3:39  Overlord x2  
  35  4:02  Drone x2, Roach Warren  
  36  4:03  Extractor, Drone x2  
  36  4:04  Zergling x8  
  36  4:05  Zergling x2  
  42  4:11  Drone  
  42  4:15  Drone  
  44  4:22  Drone  
  45  4:29  Drone x2  
  47  4:41  Glial Reconstitution  
  47  4:45  Roach x2  
  51  4:46  Overlord  
  51  4:48  Overlord  
  51  4:53  Drone  
  51  4:56  Extractor  
  51  4:58  Extractor  
  50  5:07  Roach  
  50  5:08  Roach x6  
  50  5:13  Overseer  
  64  5:35  Evolution Chamber  
  63  5:37  Hatchery  
  60  6:08  Roach x4  
  68  6:16  Overlord x3  
  68  6:32  Hatchery  
  67  6:41  Drone x2  
  67  6:44  Ravager x3  
  67  6:45  Ravager  
  73  6:52  Ravager x2  
  73  6:53  Ravager x3  
  78  6:58  Drone  
  81  7:01  Drone x4  
  81  7:04  Drone  
  84  7:31  Drone x5  
  84  7:32  Drone x4  
  93  7:39  Overlord  
  92  8:05  Drone x7  
  99  8:06  Overlord  
  99  8:14  Spore Crawler  
  99  8:17  Overseer  
  98  8:20  Spore Crawler  
  97  8:27  Spire  
  97  8:28  Infestation Pit  
  97  8:30  Zerg Ground Armor Level 1  
  97  8:33  Hydralisk Den, Drone x3  
  97  8:35  Extractor  
  97  8:36  Evolution Chamber  
  97  8:38  Drone  
  97  8:39  Extractor  
  95  8:41  Ravager  
  96  8:59  Drone x6  
  96  9:00  Drone x7  
  109  9:10  Zerg Melee Weapons Level 1  
  109  9:13  Hive  
  109  9:15  Drone x2  
  111  9:26  Overlord  
  111  9:27  Drone x3  
  111  9:28  Drone x4  
  114  9:53  Extractor  
  114  9:54  Hatchery  
  114  9:58  Extractor  
  110  10:00  Queen  
  110  10:05  Spore Crawler  
  110  10:06  Spore Crawler  
  110  10:08  Mutalisk  
  110  10:09  Mutalisk x7  
  110  10:10  Mutalisk  
  128  10:14  Overlord x3  
  126  10:29  Hydralisk  
  114  10:52  Pneumatized Carapace  
  114  10:58  Ultralisk Cavern  
  114  11:03  Adrenal Glands  
  113  11:08  Drone x3  
  113  11:09  Drone  
  113  11:10  Drone x2  
  118  11:20  Overlord x2  
  118  11:21  Overlord  
  118  11:27  Pathogen Glands  
  118  11:35  Hatchery  
  118  11:37  Zergling x4  
  118  11:38  Zergling x22  
  130  11:51  Ultralisk x3  
  130  11:52  Corruptor, Ultralisk  
  130  11:53  Viper  
Tags
 
Add a new tag
Caveats
  • Supply blocks, unpowered buildings, or Contaminate may cause inaccurate times.
  • Supply counts are checked every 10 seconds.